TOP OF THE 1ST |
San Jose Giants batting - Pitching for Altoona Curve : LHP Ryan Rakoff
|
Pitching: LHP Ryan Rakoff
|
|
Batting: LHB Gil Caraveo
|
0-0: Called Strike 0-1: Ball 1-1: SINGLE (Groundball, 6M, EV 101.2 MPH) (infield hit)
|
Batting: RHB Edwin Verdugo
|
0-0: Ball 1-0: Called Strike Gil Caraveo steals 2nd base (no throw) 1-1: Called Strike 1-2: Fly out, F7 (Flyball, 7S, EV 87.5 MPH)
|
Batting: RHB Frank Pena
|
0-0: Ball Gil Caraveo steals 3rd base 1-0: Swinging Strike 1-1: Called Strike 1-2: Ball 2-2: Foul Ball, location: 2F 2-2: Ball 3-2: Reached on error, E5 (Groundball, 5, EV 88.8 MPH) Gil Caraveo scores
|
Batting: RHB Tony Harper
|
0-0: Ball 1-0: Ground out 5-3 (Groundball, 5, EV 106.9 MPH)
|
Batting: RHB Zach Maguire
|
0-0: Ball 1-0: SINGLE (Line Drive, 9S, EV 105.6 MPH) Frank Pena to third Runner from 3rd tries for Home, SAFE, throw by RF to home
|
Batting: LHB Steve Nevis
|
0-0: Ball 1-0: Called Strike 1-1: Swinging Strike 1-2: Ball 2-2: Ground out 4-3 (Groundball, 34, EV 96.9 MPH)
|
Top of the 1st over - 2 runs, 2 hits, 1 error, 1 left on base; San Jose 2 - Altoona 0 |
BOTTOM OF THE 1ST |
Altoona Curve batting - Pitching for San Jose Giants : RHP Sergio Silva
|
Pitching: RHP Sergio Silva
|
|
Batting: LHB Sammy Roddenberry
|
0-0: Bunted foul 0-1: Called Strike 0-2: Ball 1-2: Ground out 3-1 (Groundball, 34, EV 86.2 MPH)
|
Batting: RHB Jose Almonte
|
0-0: Ground out 6-3 (Groundball, 6, EV 105.6 MPH)
|
Batting: LHB Nick Rooney
|
0-0: Called Strike 0-1: Ball 1-1: Swinging Strike 1-2: Ball 2-2: Ball 3-2: Strikes out swinging
|
Bottom of the 1st over - 0 runs, 0 hits, 0 errors, 0 left on base; San Jose 2 - Altoona 0 |
TOP OF THE 2ND |
San Jose Giants batting - Pitching for Altoona Curve : LHP Ryan Rakoff
|
Batting: RHB Bob Schweiger
|
0-0: Ball 1-0: Ball 2-0: Fly out, F4 (Popup, 3S, EV 86.2 MPH)
|
Batting: RHB Jaime Rios
|
0-0: Ball 1-0: Called Strike 1-1: Ground out 6-3 (Groundball, 6M, EV 97.5 MPH)
|
Batting: RHB Malik Sharpless
|
0-0: Ball 1-0: Ball 2-0: Ball 3-0: Called Strike 3-1: Swinging Strike 3-2: Strikes out swinging
|
Top of the 2nd over - 0 runs, 0 hits, 0 errors, 0 left on base; San Jose 2 - Altoona 0 |
BOTTOM OF THE 2ND |
Altoona Curve batting - Pitching for San Jose Giants : RHP Sergio Silva
|
Batting: RHB Etsuro Hosokawa
|
0-0: Foul Ball, location: 2F 0-1: Foul Ball, location: 2F 0-2: Ball 1-2: Ball 2-2: Foul Ball, location: 2F 2-2: Ball 3-2: Ground out 6-3 (Groundball, 6, EV 95.6 MPH)
|
Batting: LHB Ruben Garza
|
0-0: Ball 1-0: Ball 2-0: Ball 3-0: Called Strike 3-1: Foul Ball, location: 2F 3-2: Foul Ball, location: 2F 3-2: Foul Ball, location: 2F 3-2: Foul Ball, location: 2F 3-2: Strikes out swinging
|
Batting: RHB Richard Barrios
|
0-0: Ball 1-0: Reached on error, E6 (Groundball, 56, EV 87.5 MPH)
|
Batting: SHB Curtis Thompson
|
0-0: Ball 1-0: Fly out, F8 (Line Drive, 8RD, EV 93.8 MPH)
|
Bottom of the 2nd over - 0 runs, 0 hits, 1 error, 1 left on base; San Jose 2 - Altoona 0 |
TOP OF THE 3RD |
San Jose Giants batting - Pitching for Altoona Curve : LHP Ryan Rakoff
|
Batting: LHB Gil Caraveo
|
0-0: Fly out, F9 (Line Drive, 89D, EV 91.2 MPH)
|
Batting: RHB Edwin Verdugo
|
0-0: Called Strike 0-1: Ball 1-1: Called Strike 1-2: Strikes out looking
|
Batting: RHB Frank Pena
|
0-0: Called Strike 0-1: Ball 1-1: Swinging Strike 1-2: Foul Ball, location: 2F 1-2: Reached on error, E6 (Groundball, 6M, EV 110.6 MPH)
|
Batting: RHB Tony Harper
|
0-0: Called Strike 0-1: Ball 1-1: Foul Ball, location: 2F 1-2: Ball 2-2: DOUBLE (Flyball, 9LD, EV 107.5 MPH) Frank Pena scores
|
Batting: RHB Zach Maguire
|
0-0: Ball 1-0: Ball 2-0: Ball 3-0: Called Strike 3-1: Fly out, F8 (Flyball, 8LD, EV 95.6 MPH)
|
Top of the 3rd over - 1 run, 1 hit, 1 error, 1 left on base; San Jose 3 - Altoona 0 |
BOTTOM OF THE 3RD |
Altoona Curve batting - Pitching for San Jose Giants : RHP Sergio Silva
|
Batting: RHB Keiji Nakajima
|
0-0: Ball 1-0: Called Strike 1-1: Reached on error, E5 (Groundball, 56, EV 91.2 MPH)
|
Batting: RHB Pleun Smit
|
0-0: Ball 1-0: Fly out, F3 (Popup, 3SF, EV 80.0 MPH)
|
Batting: LHB Sammy Roddenberry
|
0-0: Ball Keiji Nakajima steals 2nd base 1-0: Foul Ball, location: 2F 1-1: SINGLE (Groundball, 6MD, EV 102.5 MPH) Keiji Nakajima to third Runner from 3rd tries for Home, SAFE, throw by CF to home
|
Batting: RHB Jose Almonte
|
0-0: Called Strike 0-1: SINGLE (Groundball, 34D, EV 108.8 MPH) Sammy Roddenberry to second Runner from 2nd tries for 3rd, SAFE, throw by RF made to third
|
Batting: LHB Nick Rooney
|
0-0: Ball 1-0: Foul Ball, location: 2F 1-1: Ball 2-1: Foul Ball, location: 2F 2-2: Foul Ball, location: 2F 2-2: Ball 3-2: Foul Ball, location: 2F 3-2: Foul Ball, location: 2F 3-2: SINGLE (Line Drive, 4MD, EV 98.1 MPH) Sammy Roddenberry scores Jose Almonte to second
|
Batting: RHB Etsuro Hosokawa
|
0-0: Called Strike 0-1: Fielders Choice at 2nd, 5-4 (Groundball, 56, EV 90.6 MPH) Jose Almonte to third
|
Batting: LHB Ruben Garza
|
0-0: Called Strike 0-1: Foul Ball, location: 2F 0-2: Ball 1-2: Ball 2-2: Strikes out swinging
|
Bottom of the 3rd over - 2 runs, 3 hits, 1 error, 2 left on base; San Jose 3 - Altoona 2 |
TOP OF THE 4TH |
San Jose Giants batting - Pitching for Altoona Curve : LHP Ryan Rakoff
|
Batting: LHB Steve Nevis
|
0-0: Foul Ball, location: 2F 0-1: Ball 1-1: Ball 2-1: Ground out 6-3 (Groundball, 6, EV 103.8 MPH)
|
Batting: RHB Bob Schweiger
|
0-0: Ball 1-0: Called Strike 1-1: Called Strike 1-2: Ball 2-2: Strikes out looking
|
Batting: RHB Jaime Rios
|
0-0: Called Strike 0-1: Ball 1-1: Called Strike 1-2: Ball 2-2: Ball 3-2: Foul Ball, location: 2F 3-2: Base on Balls
|
Batting: RHB Malik Sharpless
|
0-0: Ground out U3 (Groundball, 3, EV 81.9 MPH)
|
Top of the 4th over - 0 runs, 0 hits, 0 errors, 1 left on base; San Jose 3 - Altoona 2 |
BOTTOM OF THE 4TH |
Altoona Curve batting - Pitching for San Jose Giants : RHP Sergio Silva
|
Batting: RHB Richard Barrios
|
0-0: Called Strike 0-1: Ball 1-1: SINGLE (Line Drive, 5D, EV 95.6 MPH)
|
Batting: SHB Curtis Thompson
|
0-0: Fly out, F7 (Line Drive, 78M, EV 90.6 MPH)
|
Batting: RHB Keiji Nakajima
|
0-0: TRIPLE (Line Drive, 9LD, EV 101.2 MPH) Richard Barrios scores
|
Batting: RHB Pleun Smit
|
0-0: Fly out, F7 (Flyball, 78S, EV 76.9 MPH)
|
Batting: LHB Sammy Roddenberry
|
0-0: Called Strike 0-1: Ball 1-1: Ball 2-1: DOUBLE (Line Drive, 5D, EV 106.2 MPH) Keiji Nakajima scores
|
Batting: RHB Jose Almonte
|
0-0: Ball 1-0: Ball 2-0: Ball 3-0: Called Strike 3-1: Base on Balls
|
Batting: LHB Nick Rooney
|
0-0: Ball 1-0: Ball 2-0: Ball 3-0: Ground out 6-3 (Groundball, 6S, EV 84.4 MPH)
|
Bottom of the 4th over - 2 runs, 3 hits, 0 errors, 2 left on base; San Jose 3 - Altoona 4 |
TOP OF THE 5TH |
San Jose Giants batting - Pitching for Altoona Curve : LHP Ryan Rakoff
|
Batting: LHB Gil Caraveo
|
0-0: Called Strike 0-1: Ball 1-1: Ground out 6-3 (Groundball, 6M, EV 89.4 MPH)
|
Batting: RHB Edwin Verdugo
|
0-0: Ball 1-0: Foul Ball, location: 2F 1-1: Foul Ball, location: 2F 1-2: Strikes out swinging
|
Batting: RHB Frank Pena
|
0-0: Ball 1-0: Called Strike 1-1: Ground out 6-3 (Groundball, 6, EV 101.9 MPH)
|
Top of the 5th over - 0 runs, 0 hits, 0 errors, 0 left on base; San Jose 3 - Altoona 4 |
BOTTOM OF THE 5TH |
Altoona Curve batting - Pitching for San Jose Giants : RHP Sergio Silva
|
Pitching: RHP Peter Ellis
|
|
Batting: RHB Etsuro Hosokawa
|
0-0: Ground out 4-3 (Groundball, 4, EV 103.8 MPH)
|
Batting: LHB Ruben Garza
|
0-0: Ball 1-0: Ball 2-0: Ball 3-0: Foul Ball, location: 2F 3-1: Base on Balls
|
Batting: RHB Richard Barrios
|
0-0: Called Strike 0-1: Ball Ruben Garza is caught stealing 2nd base 2-4 1-1: Fly out, F9 (Line Drive, 89D, EV 92.5 MPH)
|
Bottom of the 5th over - 0 runs, 0 hits, 0 errors, 0 left on base; San Jose 3 - Altoona 4 |
TOP OF THE 6TH |
San Jose Giants batting - Pitching for Altoona Curve : LHP Ryan Rakoff
|
Batting: RHB Tony Harper
|
0-0: Ball 1-0: Ball 2-0: Fly out, F8 (Line Drive, 8RS, EV 95.6 MPH)
|
Batting: RHB Zach Maguire
|
0-0: Ball 1-0: Foul Ball, location: 2F 1-1: Ball 2-1: Ball 3-1: Base on Balls
|
Batting: LHB Steve Nevis
|
0-0: Ball 1-0: Ball 2-0: Called Strike 2-1: Foul Ball, location: 2F 2-2: Ball 3-2: Strikes out swinging
|
Batting: RHB Bob Schweiger
|
0-0: Called Strike 0-1: Ball 1-1: Ball 2-1: Fly out, F8 (Flyball, 78XD, EV 111.2 MPH)
|
Top of the 6th over - 0 runs, 0 hits, 0 errors, 1 left on base; San Jose 3 - Altoona 4 |
BOTTOM OF THE 6TH |
Altoona Curve batting - Pitching for San Jose Giants : RHP Peter Ellis
|
Batting: SHB Curtis Thompson
|
0-0: Ball 1-0: Called Strike 1-1: Ball 2-1: Foul Ball, location: 2F 2-2: Strikes out swinging
|
Batting: RHB Keiji Nakajima
|
0-0: Ball 1-0: Foul Ball, location: 2F 1-1: Called Strike 1-2: Ball 2-2: Fly out, F8 (Flyball, 8LD, EV 93.1 MPH)
|
Batting: RHB Pleun Smit
|
0-0: Ball 1-0: Ground out 1-3 (Groundball, 13, EV 71.2 MPH)
|
Bottom of the 6th over - 0 runs, 0 hits, 0 errors, 0 left on base; San Jose 3 - Altoona 4 |
TOP OF THE 7TH |
San Jose Giants batting - Pitching for Altoona Curve : LHP Ryan Rakoff
|
Pitching: RHP Justin Jones
|
|
Batting: RHB Jaime Rios
|
0-0: Fly out, F6 (Popup, 15, EV 85.0 MPH)
|
Batting: RHB Malik Sharpless
|
0-0: Foul Ball, location: 2F 0-1: Ball 1-1: Called Strike 1-2: Ball 2-2: Ground out 6-3 (Groundball, 6, EV 78.8 MPH)
|
Batting: LHB Gil Caraveo
|
0-0: Called Strike 0-1: Called Strike 0-2: Foul Ball, location: 2F 0-2: Foul Ball, location: 2F 0-2: Foul Ball, location: 2F 0-2: Strikes out swinging
|
Top of the 7th over - 0 runs, 0 hits, 0 errors, 0 left on base; San Jose 3 - Altoona 4 |
BOTTOM OF THE 7TH |
Altoona Curve batting - Pitching for San Jose Giants : RHP Peter Ellis
|
Batting: LHB Sammy Roddenberry
|
0-0: Ball 1-0: Ball 2-0: Ball 3-0: Called Strike 3-1: Base on Balls
|
Batting: RHB Jose Almonte
|
0-0: Sac Bunt to 25 - play at first, batter OUT! 5-3 Sammy Roddenberry to second
|
Batting: LHB Nick Rooney
|
0-0: Intentional Walk
|
Batting: RHB Etsuro Hosokawa
|
0-0: DOUBLE (Groundball, 3L, EV 103.8 MPH) Sammy Roddenberry scores Nick Rooney to third
|
Batting: LHB Ruben Garza
|
0-0: Intentional Walk
|
Batting: RHB Richard Barrios
|
0-0: Ball 1-0: Fly out, F8 (Line Drive, 8LD, EV 90.6 MPH) Runner from 3rd tags up, SCORES, throw by CF Etsuro Hosokawa to third
|
Batting: SHB Curtis Thompson
|
0-0: Ball 1-0: Fly out, F7 (Flyball, 78S, EV 83.8 MPH)
|
Bottom of the 7th over - 2 runs, 1 hit, 0 errors, 2 left on base; San Jose 3 - Altoona 6 |
TOP OF THE 8TH |
San Jose Giants batting - Pitching for Altoona Curve : RHP Justin Jones
|
Batting: RHB Edwin Verdugo
|
0-0: Ball 1-0: Swinging Strike 1-1: Ball 2-1: Ball 3-1: Fly out, F7 (Flyball, 7, EV 83.8 MPH)
|
Batting: RHB Frank Pena
|
0-0: Called Strike 0-1: Swinging Strike 0-2: Ball 1-2: Ball 2-2: Foul Ball, location: 2F 2-2: Foul Ball, location: 2F 2-2: Strikes out looking
|
Batting: RHB Tony Harper
|
0-0: Called Strike 0-1: Ground out 5-3 (Groundball, 56S, EV 78.1 MPH)
|
Top of the 8th over - 0 runs, 0 hits, 0 errors, 0 left on base; San Jose 3 - Altoona 6 |
BOTTOM OF THE 8TH |
Altoona Curve batting - Pitching for San Jose Giants : RHP Peter Ellis
|
Pitching: RHP Mike Flynn
|
|
Batting: RHB Keiji Nakajima
|
0-0: Ball 1-0: Called Strike 1-1: Ball 2-1: Called Strike 2-2: Fly out, F8 (Line Drive, 8RD, EV 95.0 MPH)
|
Batting: RHB Pleun Smit
|
0-0: Called Strike 0-1: Ground out 6-3 (Groundball, 56, EV 93.1 MPH)
|
Batting: LHB Sammy Roddenberry
|
0-0: Called Strike 0-1: Swinging Strike 0-2: Fly out, F8 (Flyball, 8RD, EV 105.0 MPH)
|
Bottom of the 8th over - 0 runs, 0 hits, 0 errors, 0 left on base; San Jose 3 - Altoona 6 |
TOP OF THE 9TH |
San Jose Giants batting - Pitching for Altoona Curve : RHP Justin Jones
|
Pitching: LHP Mario Flores
|
|
Batting: RHB Zach Maguire
|
0-0: Ground out U3 (Groundball, 34S, EV 79.4 MPH)
|
Batting: LHB Steve Nevis
|
0-0: Called Strike 0-1: Ball 1-1: Ball 2-1: Ball 3-1: Base on Balls
|
Batting: RHB Bob Schweiger
|
0-0: Ball 1-0: Swinging Strike 1-1: Called Strike 1-2: Foul Ball, location: 2F 1-2: Foul Ball, location: 2F 1-2: Ball 2-2: Strikes out swinging
|
Batting: RHB Jaime Rios
|
0-0: Ball 1-0: Ball 2-0: Ball 3-0: Base on Balls Steve Nevis to second
|
Batting: RHB Malik Sharpless
|
0-0: Ball 1-0: Foul Ball, location: 2F 1-1: Called Strike 1-2: Foul Ball, location: 2F 1-2: Fielders Choice at 2nd, 6-4 (Groundball, 56, EV 107.5 MPH)
|
Top of the 9th over - 0 runs, 0 hits, 0 errors, 2 left on base; San Jose 3 - Altoona 6 |
|